Map: Eternal Empire LE

Players

Methyle - Winner!

  • Race: Terran Terran
  • League: Platinum
  • Spawn Location: 1:00

A.I. 1 (Medium)

  • Race: Terran Terran
  • Spawn Location: 7:00

VOD

Have the link to the VOD?

Description

Time

  • Played on: April 14, 2020, 5:36 p.m.
  • Length: 12:19
Show
View Real Time Build Order
Export as new Build Order

Methyle Terran - Winner!

Build Orders: 2 Factory, Gas First Reaper Expand, Mech 

Get SALT Encoding   

  12  0:01  SCV  
  13  0:13  SCV  
  14  0:18  Supply Depot  
  14  0:25  SCV  
  15  0:29  Refinery  
  15  0:39  SCV  
  16  0:45  Barracks  
  16  0:54  SCV  
  17  1:06  SCV  
  18  1:18  SCV  
  19  1:32  Orbital Command  
  19  1:34  Reaper  
  20  1:44  Command Center  
  20  1:54  Factory  
  20  1:59  SCV  
  21  2:04  Refinery  
  21  2:10  Barracks Tech Lab  
  21  2:11  SCV  
  22  2:21  Supply Depot  
  22  2:25  SCV  
  23  2:41  Barracks Tech Lab  
  23  2:42  Factory  
  23  2:43  SCV  
  24  2:55  SCV  
  24  2:57  Orbital Command  
  24  3:07  SCV  
  24  3:09  Siege Tank  
  28  3:19  Barracks Reactor  
  28  3:24  Command Center  
  28  3:30  SCV, Refinery  
  28  3:32  SCV  
  30  3:41  Factory  
  30  3:49  SCV x2  
  32  3:56  Hellion x2  
  32  4:01  SCV  
  37  4:05  Factory  
  37  4:08  Barracks Tech Lab  
  37  4:11  Engineering Bay  
  37  4:15  Armory  
  37  4:25  Cyclone  
  40  4:36  Hellion x2  
  44  4:39  Barracks Tech Lab  
  44  4:42  Orbital Command  
  44  4:46  SCV  
  45  4:58  Supply Depot  
  45  4:59  Terran Infantry Weapons Level 1, Supply Depot  
  45  5:00  Orbital Command  
  45  5:07  Factory  
  45  5:13  SCV x2, Marine  
  48  5:16  Hellion  
  48  5:20  Cyclone  
  53  5:27  SCV  
  53  5:28  SCV  
  55  5:29  SCV  
  56  5:39  SCV, Supply Depot  
  56  5:40  SCV  
  56  5:41  SCV  
  56  5:42  Marine  
  60  5:43  Cyclone  
  60  5:44  Cyclone  
  66  5:50  Hellion x2  
  66  5:52  SCV  
  71  6:05  Hellbat x2  
  71  6:07  SCV x2  
  71  6:08  SCV  
  78  6:11  Refinery  
  78  6:13  Refinery  
  78  6:17  Supply Depot  
  78  6:19  SCV x2  
  78  6:20  SCV, Armory  
  78  6:21  Terran Vehicle And Ship Armor Level 1  
  81  6:27  Barracks Tech Lab  
  81  6:34  Factory  
  81  6:36  Hellion x2  
  81  6:39  Hellion x4  
  93  6:50  Refinery  
  93  7:01  Terran Infantry Armor Level 1  
  93  7:15  Supply Depot  
  93  7:17  Supply Depot  
  93  7:20  Supply Depot  
  93  7:22  Supply Depot, Terran Vehicle Weapons Level 1  
  93  7:31  SCV x3, Cyclone x2, Hellion x2  
  106  7:38  Starport  
  106  7:43  SCV x3, Siege Tank x2  
  115  7:47  Marine  
  116  7:53  Thor  
  116  7:55  SCV x3  
  126  8:07  SCV x3  
  126  8:09  Command Center  
  129  8:13  Supply Depot  
  129  8:14  Supply Depot x2  
  129  8:16  Barracks Reactor  
  129  8:18  Viking  
  129  8:19  SCV x3  
  133  8:23  Siege Tank  
  133  8:26  Siege Tank  
  139  8:35  Hellbat, Siege Tank  
  139  8:36  SCV x2  
  146  8:42  Missile Turret  
  146  8:44  Missile Turret  
  146  8:46  Missile Turret  
  146  8:51  Missile Turret x3  
  146  8:54  Missile Turret  
  146  8:57  Terran Vehicle And Ship Armor Level 2  
  146  8:59  SCV x3  
  146  9:02  Marine x2  
  150  9:04  Hellion  
  150  9:06  Cyclone  
  156  9:11  SCV  
  157  9:27  SCV x3  
  160  9:39  SCV x3, Marine  
  164  9:45  Bunker  
  164  9:49  Refinery  
  162  9:53  Refinery  
  156  10:01  Marine x2  
  156  10:02  Cyclone x5  
  156  10:03  Hellion  
  175  10:11  Orbital Command  
  175  10:13  SCV x3  
  178  10:25  SCV  
  177  10:34  Cyclone  
  180  10:39  Starport Reactor  
  180  10:54  Missile Turret  
  180  11:14  Supply Depot x2  
  180  11:15  Marine x2  
  180  11:17  Supply Depot x2  
  180  11:19  Supply Depot  
  180  11:21  SCV x2  
  180  11:22  SCV, Siege Tank x5  
  196  11:36  SCV x2, Hellion  
  200  12:04  Command Center  
  200  12:06  Command Center  
  200  12:10  Command Center  
  200  12:12  Command Center  
  200  12:15  Command Center  
Show
View Real Time Build Order
Export as new Build Order

A.I. 1 (Medium) Terran 

Build Orders:  

Get SALT Encoding   

  12  0:00  SCV  
  13  0:13  SCV  
  14  0:19  Supply Depot  
  14  0:25  SCV  
  15  0:40  SCV  
  16  0:43  Barracks  
  16  0:48  Refinery  
  16  0:52  SCV  
  17  1:05  SCV  
  18  1:18  Supply Depot  
  18  1:30  Marine  
  19  1:34  Orbital Command, Barracks  
  19  1:44  Refinery  
  19  1:49  Barracks Tech Lab  
  19  2:06  Marine  
  20  2:10  Supply Depot  
  20  2:24  Marine  
  20  2:27  Marine  
  22  2:31  SCV  
  23  2:42  Marine  
  23  2:43  SCV  
  25  2:45  Marine  
  25  2:47  Supply Depot  
  26  2:54  Engineering Bay  
  26  2:55  SCV  
  26  3:00  Marauder  
  28  3:07  SCV  
  29  3:19  SCV  
  30  3:22  Marauder  
  32  3:31  SCV  
  33  3:43  Marauder, SCV  
  36  5:07  Barracks Tech Lab  
  36  5:08  SCV, Factory, Marine  
  36  5:11  Factory  
  36  5:13  Supply Depot  
  38  5:16  Missile Turret  
  38  5:18  Missile Turret  
  38  5:20  SCV, Ghost Academy  
  39  5:23  Sensor Tower  
  39  5:25  Marine  
  39  5:27  Barracks  
  40  5:30  Marauder  
  42  5:39  Bunker  
  42  5:49  Ghost  
  44  5:54  Armory  
  40  5:57  Starport  
  40  5:58  Factory Tech Lab  
  40  5:59  Factory Tech Lab, Marine  
  40  6:01  Command Center  
  33  6:14  Barracks Reactor  
  33  6:17  Marine  
  34  6:21  Marauder  
  36  6:33  Starport Tech Lab  
  36  6:35  Marauder  
  38  6:42  Marine  
  39  6:51  Raven  
  41  6:56  Marauder  
  41  7:00  Marine  
  44  7:09  Marine  
  44  7:14  SCV  
  46  7:17  SCV  
  46  7:18  Marine  
  46  7:22  Refinery  
  48  7:24  Missile Turret  
  48  7:26  SCV, Missile Turret  
  48  7:29  SCV, Refinery  
  50  7:34  Raven  
  52  7:38  SCV  
  52  7:41  SCV  
  54  7:46  Bunker  
  54  7:50  SCV  
  55  7:53  SCV  
  56  8:02  SCV  
  56  8:05  SCV  
  58  8:14  SCV  
  58  8:17  SCV  
  60  8:26  SCV  
  61  8:29  SCV  
  61  8:34  Supply Depot  
  62  8:38  SCV  
  63  8:41  SCV  
  64  8:51  SCV  
  64  8:53  SCV  
  66  9:03  SCV  
  66  9:06  SCV  
  66  9:08  Stimpack, Combat Shield, Medivac, Marine  
  66  9:09  Terran Infantry Weapons Level 1  
  71  9:11  Starport  
  71  9:14  Supply Depot, Marine  
  71  9:15  SCV, Fusion Core  
  73  9:17  Engineering Bay  
  73  9:18  SCV  
  73  9:21  Armory  
  74  9:38  Medivac  
  76  9:40  Supply Depot  
  76  9:42  Terran Infantry Armor Level 1  
  76  9:48  Starport Reactor, Marine  
  70  9:54  Marine  
  70  9:59  Marine  
  57  10:05  Marine  
  58  10:08  Raven  
  58  10:11  Marauder  
  62  10:16  Marine  
  63  10:22  Marine  
  63  10:27  Concussive Shells  
  61  10:33  Marauder  
  61  10:34  Marine  
  63  10:38  Medivac  
  63  10:40  Marine  
  60  10:46  Marine  
  60  10:48  SCV  
  53  10:53  Marine  
  36  10:57  Marine  
  36  11:00  SCV  
  36  11:03  Marine  
  38  11:09  Marine  
  37  11:13  SCV  
  37  11:15  Marine  
  31  11:21  Marine  
  31  11:25  SCV  
  20  11:27  Marine  
  20  11:31  Starport Tech Lab  
  20  11:32  Marine  
  20  11:37  SCV  
  20  11:38  Marine  
  5  11:49  Starport Tech Lab, SCV  
Tags
 
Add a new tag
Caveats
  • Supply blocks, unpowered buildings, or Contaminate may cause inaccurate times.
  • Supply counts are checked every 10 seconds.